 Dungeon Crawl Stone Soup version 0.26-a0-672-g1df16c3386 (webtiles) character file.

Game seed: 783810490158475115

1272 somkeydreadnuts the Conjurer (level 8, -6/54 HPs)
             Began as an Octopode Fire Elementalist on Oct 19, 2020.
             Mangled by an orc warrior
             ... wielding a +0 halberd
              (21 damage)
             ... on level 6 of the Dungeon.
             The game lasted 00:30:24 (6409 turns).

somkeydreadnuts the Conjurer (OpFE)                 Turns: 6409, Time: 00:30:26

Health: -6/54      AC:  1    Str:  7    XL:     8   Next: 53%
Magic:  0/11       EV: 13    Int: 26    God:
Gold:   336        SH:  0    Dex: 12    Spells: 8/12 levels left

rFire    . . .     SeeInvis .   t - +4 whip (venom)
rCold    . . .     Faith    .   (no shield)
rNeg     . . .     Spirit   +   (helmet restricted)
rPois    .         Reflect  .   y - amulet of guardian spirit
rElec    .         Harm     .   q - ring of protection from magic
rCorr    .         Rampage  .   x - +6 ring of intelligence
MR       +....                  (no ring)
Stlth    +++.......             (no ring)
HPRegen  0.18/turn              (no ring)
MPRegen  0.12/turn              (no ring)
                                (no ring)
                                (no ring)

@: no status effects
A: almost no armour, stealthy swim, amphibious, 8 rings, constrict 8, camouflage
1, gelatinous body 1
a: no special abilities


You were on level 6 of the Dungeon.
You visited 1 branch of the dungeon, and saw 6 of its levels.

You collected 336 gold pieces.

Inventory:

Hand Weapons
 a - a +0 whip
 c - a +0 spear
 o - a +2 hand axe of venom
 t - a +4 whip of venom (weapon)
Missiles
 k - 214 stones (quivered)
Jewellery
 q - a ring of protection from magic (left tentacle)
 x - a +6 ring of intelligence (right tentacle)
 y - an amulet of guardian spirit (around mantle)
Wands
 u - a wand of digging (4)
 B - a wand of flame (14)
 D - a wand of random effects (12)
Scrolls
 b - a scroll of fear
 d - 7 scrolls of identify
 g - 2 scrolls of enchant armour {unknown}
 h - a scroll of fog
 i - 3 scrolls of teleportation
 j - 3 scrolls of noise {unknown}
 l - 5 scrolls of remove curse
 p - 2 scrolls of immolation {unknown}
 s - 2 scrolls of amnesia {unknown}
 v - 3 scrolls of enchant weapon {unknown}
Potions
 e - a potion of ambrosia
 f - a potion of brilliance {unknown}
 m - 2 potions of stabbing
 n - 2 potions of heal wounds
 r - 2 potions of berserk rage {unknown}
 w - 2 potions of haste {unknown}
 z - 2 potions of mutation {unknown}
 A - a potion of might {unknown}
 C - a potion of flight {unknown}


   Skills:
 + Level 4.6 Fighting
 - Level 1.5(1.6) Axes
 - Level 0.5(1.1) Maces & Flails
 - Level 2.3 Dodging
 - Level 2.7 Stealth
 - Level 2.6 Spellcasting
 - Level 6.2 Conjurations
 - Level 6.0 Fire Magic


You had 8 spell levels left.
You knew the following spells:

 Your Spells              Type           Power        Failure   Level
a - Foxfire               Conj/Fire      ####         1%          1
b - Conjure Flame         Conj/Fire      #####...     2%          3

Your spell library contained the following spells:

 Spells                   Type           Power        Failure   Level
 Sticky Flame             Conj/Fire      #####...     8%          4
 Inner Flame              Hex/Fire       ###.....     9%          3
 Fireball                 Conj/Fire      #####.....   22%         5


Dungeon Overview and Level Annotations

Branches:
Dungeon (6/15)
 Temple: D:4-7

Altars:
Cheibriados
Dithmenos
Sif Muna
Yredelemnul

Shops:
D:4 (   D:6 *


Innate Abilities, Weirdness & Mutations

You cannot wear most types of armour.
You are very stealthy in the water. (Stealth+)
You are amphibious.
You can wear up to eight rings at the same time.
You can use your tentacles to constrict eight enemies at once.
Your skin changes colour to match your surroundings (Stealth+).
Your rubbery body absorbs attacks. (AC +1, EV +1)


Message History

You conjure some foxfire!
The foxfire hits the orc warrior but does no damage.
The orc warrior is lightly wounded.
The orc warrior hits you from afar with a +0 halberd!
* * * LOW HITPOINT WARNING * * *
The foxfire hits the orc wizard.
The orc wizard is moderately wounded.
The foxfire hits the orc warrior.
The orc warrior is moderately wounded.
The orc wizard hits you but does no damage.
The orc wizard hits you but does no damage.
The orc wizard hits you with a +0 dagger.
* * * LOW HITPOINT WARNING * * *
Casting: Foxfire (safe; 1% risk of failure)
Confirm with . or Enter, or press ? or * to list all spells.
You conjure some foxfire!
The orc wizard hits you with a +0 dagger.
* * * LOW HITPOINT WARNING * * *
The orc warrior hits you from afar with a +0 halberd!!
You die...

##≈≈§≈≈##
#.###...)...... ##≈§##
#.##...........
##############
#..#...........
#.......###..##
##.............
#..#####...##.##
###........... ####
#######.##
#........... ##.###
##.......... #.v.#
#.<........ ###
#######@v.#
#..........
###..####....oo..##
#.........
#..........#######
#.........
.###......## #.......(
#...##..#
#######........
##..####.###
#.........(.... ##..##
##..####......####....
# ##[.##
##..##...##..# ####.
###..## ##..........#
##


You could see an orc warrior and an orc wizard (fast).

Vanquished Creatures
  Grinder (D:3)
  An ice beast (D:5)
  An ogre (D:4)
  A phantom (D:6)
  A centaur (D:4)
  2 bullfrogs
  2 scorpions
  2 hounds (D:4)
  3 orc wizards
  Terence (D:2)
  3 worker ants
  7 gnolls
  11 adders
  A shadow imp (D:5)
  An ufetubus (D:6)
  An ooze (D:1)
  2 worms
  A dart slug (D:1)
  A leopard gecko (D:4)
  12 orcs
  5 giant cockroaches
  5 goblins
  6 hobgoblins
  4 jackals
  5 quokkas
  5 bats
  2 frilled lizards (D:5)
  A jackal skeleton (D:4)
  5 kobolds
  A leopard gecko skeleton (D:4)
  10 rats
104 creatures vanquished.

Vanquished Creatures (others)
  321 foxfires
321 creatures vanquished.

Grand Total: 425 creatures vanquished

Notes
Turn   | Place    | Note
-------+----------+-------------------------------------------
     0 | D:1      | somkeydreadnuts the Octopode Fire Elementalist began the
                  | quest for the Orb.
     0 | D:1      | Reached XP level 1. HP: 11/11 MP: 3/3
    77 | D:1      | Reached XP level 2. HP: 3/17 MP: 0/5
   668 | D:1      | Reached XP level 3. HP: 21/21 MP: 2/6
  1425 | D:2      | Reached XP level 4. HP: 27/27 MP: 3/7
  1525 | D:2      | Found a basalt altar of Yredelemnul.
  1539 | D:2      | Noticed Terence
  1569 | D:2      | Killed Terence
  1690 | D:2      | Found a faded altar of an unknown god.
  2327 | D:3      | Reached XP level 5. HP: 31/31 MP: 1/8
  2772 | D:3      | Noticed Grinder
  2774 | D:3      | Paralysed by Grinder for 7 turns
  2797 | D:3      | Killed Grinder
  2797 | D:3      | Reached skill level 1 in Axes
  2797 | D:3      | Reached XP level 6. HP: 16/36 MP: 1/9
  3199 | D:4      | Found Baruts's Antique Weapon Shop.
  3220 | D:4      | Reached XP level 7. HP: 41/41 MP: 5/10
  3778 | D:4      | Reached skill level 5 in Conjurations
  4173 | D:5      | Entered Level 5 of the Dungeon
  4408 | D:5      | Got a crude robe
  4409 | D:5      | Identified the +1 robe of the Earth {-Cast rElec rPois
                  | SInv} (You found it on level 5 of the Dungeon)
  4724 | D:5      | Reached XP level 8. HP: 31/46 MP: 2/11
  4735 | D:5      | Learned a level 3 spell: Conjure Flame
  5011 | D:6      | Reached skill level 1 in Fighting
  6020 | D:6      | Found Cawazusi's General Store.
  6190 | D:6      | Found a shadowy altar of Dithmenos.
  6191 | D:6      | Found a snail-covered altar of Cheibriados.
  6192 | D:6      | Found a shimmering blue altar of Sif Muna.
  6409 | D:6      | Mangled by an orc warrior

Illustrated notes

Levels and vault maps discovered:
D:1:      lemuel_arrival_hallway, layout_rooms
D:2:      layout_basic, lemuel_round_altar,
          chequers_ecumenical_altar_simple_redux, minmay_tall_x, uniq_terence
D:3:      layout_loops_ring, uniq_grinder
D:4:      layout_rooms, serial_shops, nicolae_shop_stone, minmay_pentangle
D:5:      layout_loops_ring
D:6:      layout_layer_cave, chequers_temple_overflow_statue_of_worship,
          minmay_temple_entry_fiery, serial_shops, shop

Skill      XL: |  1  2  3  4  5  6  7  8 |
---------------+-------------------------+-----
Fire Magic     | 4 6 |  6.0
Axes           | 1 |  1.5
Conjurations   | 3 6 |  6.2
Fighting       | 4 |  4.6
Maces & Flails | |  0.5
Dodging        | |  2.3
Stealth        | |  2.7
Spellcasting   | |  2.6

Action                   |  1- 3 |  4- 6 |  7- 9 || total
-------------------------+-------+-------+-------++-------
Melee: Whip              |     1 |    12 |    34 ||    47
       Constrict         |     1 |     3 |    11 ||    15
       Spear             |     2 |       |       ||     2
       Hand axe          |       |     4 |       ||     4
       Tentacles         |       |     1 |     7 ||     8
Throw: Stone             |       |       |     1 ||     1
 Cast: Foxfire           |    52 |    56 |    84 ||   192
       Conjure Flame     |       |       |     3 ||     3
  Use: Potion            |       |     2 |     1 ||     3
       Scroll            |       |       |     6 ||     6
 Stab: Sleeping          |       |     1 |     1 ||     2
Armor: Skin              |     1 |     3 |     3 ||     7
Dodge: Dodged            |    26 |    10 |    50 ||    86

Table legend: (Time is in decaauts)
 A = Elapsed time spent in this place.
 B = Non-inter-level travel time spent in this place.
 C = Inter-level travel time spent in this place.
 D = Time resting spent in this place.
 E = Time spent auto-exploring this place.
 F = Levels seen in this place.
 G = Mean time per level.
                   A        B        C        D        E       F      G
               +--------+--------+--------+--------+--------+-----+--------+
         Total |   6410 |   6410 |      0 |      0 |   4727 |   6 | 1068.3 |
       Dungeon |   6410 |   6410 |      0 |      0 |   4727 |   6 | 1068.3 |
               +--------+--------+--------+--------+--------+-----+--------+

Top non-repeatable levels by time:
     D:5: 1235 daAuts
     D:3: 1142 daAuts
     D:4: 1041 daAuts
     D:2: 1017 daAuts
     D:6: 1002 daAuts
     D:1: 970 daAuts
